AoeStats
← Dantegutsh

Arena

509789509Analyzed
4v4 RM · 5d ago on Sep 28, 2026· 43m 35s· 8 players
Game mode
Random Map
Map size
Large (8 player)
Population
200
Speed
Normal
Resources
Standard
Victory
Conquest
Starting age
Dark Age
Ending age
Imperial Age
RankedLock teamsTeams togetherTeam positionsShared explorationLock speedFull tech treeHidden civsTurbo modeCheats
Victory
Defeat
1510
+11
🇮🇹 Varangians · Italy
1495
+12
🇮🇹 Saxons · Italy
1383
+16
1373
+17
🇨🇴 Italians · Colombia
1554
-20
🇲🇽 Gurjaras · Mexico
1419
-15
🇨🇴 Koreans · Colombia
1388
-14
🇨🇴 Bohemians · Colombia
1207
-7
TEUTONEN(儒门学习版)
11:58 Feudal Age
12:57 Double-Bit Axe
12:55 Horse Collar
15:50 Castle Age
14:48 Wheelbarrow
16:53 Bow Saw
16:45 Heavy Plow
25:06 Gold Mining
28:27 Imperial Age
25:53 Pikeman
26:34 Squires
26:36 Scale Mail Armor
26:46 Forging
26:28 Fletching
28:49 Chain Mail Armor
29:09 Iron Casting
30:11 Chemistry
28:34 Halberdier
29:09 Onager
30:41 Plate Mail Armor
30:06 Bodkin Arrow
33:45 Blast Furnace
32:38 Siege Onager
33:57 Siege Engineers
36:08 Ironclad
41:17 Stone Mining
44:31 Crenellations
GdR_Charizard
6:02 Loom
6:28 Loom
8:48 Feudal Age
10:08 Double-Bit Axe
12:04 Fletching
13:10 Horse Collar
20:52 Castle Age
19:47 Gold Mining
22:17 Bow Saw
22:13 Heavy Plow
29:39 Imperial Age
28:26 Wheelbarrow
29:00 Bodkin Arrow
29:17 Scale Mail Armor
30:16 Hand Cart
30:16 Squires
30:39 Chain Mail Armor
31:12 Gold Shaft Mining
31:39 Crop Rotation
32:17 Forging
33:24 Plate Mail Armor
33:29 Conscription
34:19 Two-Man Saw
33:33 Elite Varangian Guard
36:05 Iron Casting
35:39 Elite Skirmisher
36:31 Padded Archer Armor
37:37 Chemistry
36:20 Treadmill Crane
37:16 Bracer
38:30 Leather Archer Armor
38:44 Ballistics
38:37 Masonry
38:21 Guard Tower
38:17 Arrowslits
38:28 Murder Holes
40:02 Shield Wall
40:31 Arson
40:32 Gambesons
41:31 Ring Archer Armor
41:51 Keep
41:02 Arrowslits
TheHole
9:57 Feudal Age
15:07 Castle Age
13:38 Horse Collar
13:49 Double-Bit Axe
16:14 Bow Saw
16:06 Heavy Plow
20:34 Wheelbarrow
19:46 Loom
24:49 Gold Mining
26:27 Hand Cart
26:30 Stone Mining
29:18 Imperial Age
26:59 Scale Mail Armor
27:55 Chain Mail Armor
27:52 Forging
27:33 Town Watch
27:40 Fletching
28:26 Squires
28:12 Arson
28:12 Gambesons
29:47 Padded Archer Armor
30:40 Plate Mail Armor
30:48 Iron Casting
30:12 Elite Varangian Guard
31:11 Capped Ram
34:13 Two-Man Saw
33:13 Siege Ram
34:05 Bodkin Arrow
35:11 Blast Furnace
35:05 Gothikon
36:06 Conscription
35:49 Elite Jarl
42:53 Bracer
43:18 Ballistics
43:58 Chemistry
43:06 Siege Engineers
44:35 Ballistics
遥かに仰ぎ,麗しの
10:48 Feudal Age
14:29 Castle Age
12:53 Loom
13:16 Double-Bit Axe
13:13 Horse Collar
16:16 Bow Saw
16:24 Scale Mail Armor
25:03 Arson
26:06 Squires
28:00 Gold Mining
31:08 Wheelbarrow
31:41 Heavy Plow
35:20 Imperial Age
33:09 Fletching
33:58 Bodkin Arrow
34:03 Elite Skirmisher
34:44 Padded Archer Armor
37:06 Chemistry
36:10 Bracer
37:46 Ballistics
38:19 Conscription
38:17 Leather Archer Armor
38:59 Elite Varangian Guard
40:20 Ring Archer Armor
40:51 Chain Mail Armor
42:43 Plate Mail Armor
pipegarcial
3:44 Loom
10:35 Feudal Age
15:16 Castle Age
13:51 Double-Bit Axe
18:02 Chemistry
31:34 Imperial Age
30:43 Horse Collar
43:39 Wheelbarrow
Dantegutsh
2:50 Loom
9:25 Feudal Age
9:26 Loom
13:14 Castle Age
12:55 Double-Bit Axe
13:54 Double-Bit Axe
20:32 Bow Saw
20:04 Horse Collar
20:11 Loom
21:25 Gold Mining
22:38 Bloodlines
23:03 Husbandry
24:19 Wheelbarrow
29:21 Imperial Age
28:15 Hand Cart
28:06 Scale Barding Armor
28:14 Forging
29:25 Chain Barding Armor
29:25 Heavy Camel Rider
30:49 Heavy Plow
30:29 Elite Skirmisher
31:39 Fletching
31:50 Padded Archer Armor
32:38 Plate Barding Armor
32:16 Bodkin Arrow
32:22 Padded Archer Armor
32:46 Ballistics
33:27 Chemistry
33:01 Kshatriyas
33:54 Thumb Ring
34:06 Leather Archer Armor
37:49 Man-at-Arms
39:00 Light Cavalry
Seritzia
8:51 Feudal Age
9:36 Double-Bit Axe
19:30 Castle Age
18:13 Horse Collar
19:49 Loom
20:43 Bow Saw
20:47 Heavy Plow
23:36 Town Watch
23:47 Town Watch
26:04 Wheelbarrow
28:21 Gold Mining
28:27 Stone Mining
32:52 Imperial Age
31:19 Ballistics
31:10 Masonry
31:13 Fletching
32:07 Bodkin Arrow
31:57 Treadmill Crane
32:40 Hand Cart
33:25 Gold Shaft Mining
33:30 Stone Shaft Mining
33:36 Bracer
33:50 Husbandry
33:28 Elite War Wagon
34:29 Conscription
44:40 Chemistry
Chigüiro
10:39 Feudal Age
14:18 Castle Age
13:27 Double-Bit Axe
13:24 Horse Collar
23:06 Bow Saw
23:31 Fletching
24:20 Loom
25:11 Wheelbarrow
24:37 Bodkin Arrow
25:27 Gold Mining
29:07 Imperial Age
27:56 Silk Road
28:56 Padded Archer Armor
29:46 Elite Genoese Crossbowman
32:10 Chemistry
31:30 Ballistics
31:46 Conscription
31:35 Thumb Ring
32:07 Hand Cart
31:56 Caravan
32:07 Guilds
33:33 Murder Holes
34:10 Pirotechnia
34:37 Leather Archer Armor
40:05 Scale Mail Armor
41:10 Squires
41:37 Chain Mail Armor
42:34 Ring Archer Armor
43:23 Plate Mail Armor
43:05 Forging
Connection lost

Rejoining the realm…

Still unreachable

The connection could not be restored.

Session expired

The server has moved on; the page needs a fresh start.